 Dungeon Crawl Stone Soup version 0.22.1-2-g9c5b331 (webtiles) character file.

130 Tiagovsky the Firebug (level 4, -9/36 HPs)
             Began as a Draconian Fire Elementalist on Jan 2, 2019.
             Mangled by Prince Ribbit (11 damage)
             ... on level 6 of the Dungeon.
             The game lasted 00:18:10 (3508 turns).

Tiagovsky the Firebug (Draconian Fire Elementalist) Turns: 3508, Time: 00:18:10

Health: -9/36      AC:  5    Str: 10    XL:     4   Next: 89%
Magic:  8/8        EV: 12    Int: 16    God:
Gold:   127        SH:  0    Dex: 12    Spells: 2/8 levels left

rFire    + + .     SeeInvis .   d - +0 hand axe
rCold    x . .     Gourm    .   (no shield)
rNeg     . . .     Faith    .   (armour unavailable)
rPois    .         Spirit   .   (helmet restricted)
rElec    .         Reflect  .   (no cloak)
rCorr    .         Harm     .   (no gloves)
MR       .....                  (no boots)
Stlth    ++........             (no amulet)
HPRegen  0.12/turn              n - ring of protection from fire
MPRegen  0.11/turn              i - ring of fire

@: no status effects
A: unfitting armour, cold-blooded, AC +5
a: no special abilities


You were on level 6 of the Dungeon.
You were hungry.

You visited 1 branch of the dungeon, and saw 5 of its levels.

You collected 127 gold pieces.

Inventory:

Hand Weapons
 c - a +0 mace
 d - a +0 hand axe (weapon)
Missiles
 f - 110 stones (quivered)
 g - 39 sling bullets
Jewellery
 i - a ring of fire (right hand)
 n - a ring of protection from fire (left hand)
Scrolls
 a - 2 scrolls of teleportation
 e - 2 scrolls of fear
 m - 3 scrolls of immolation {unknown}
 o - 5 scrolls of identify
 q - a scroll of noise {unknown}
 r - a scroll of magic mapping {unknown}
Potions
 h - a potion of curing {unknown}
 j - 2 potions of might {unknown}
 k - a potion of agility {unknown}
 l - 2 potions of flight {unknown}
 p - a potion of resistance {unknown}
Comestibles
 b - 4 rations


   Skills:
 + Level 2.2 Fighting
 - Level 1.7 Dodging
 - Level 1.7 Stealth
 + Level 2.9 Spellcasting
 + Level 2.4 Conjurations
 + Level 3.8 Fire Magic


You had 2 spell levels left.
You knew the following spells:

 Your Spells              Type           Power        Failure   Level  Hunger
a - Flame Tongue          Conj/Fire      ###..        5%          1    #......
b - Throw Flame           Conj/Fire      ###...       8%          2    ##.....
c - Conjure Flame         Conj/Fire      ###.....     16%         3    ###....

Your spell library contained the following spells:

 Spells                   Type           Power        Failure   Level  Hunger
 Inner Flame              Hex/Fire       ##......     26%         3    ###....
 Sticky Flame             Conj/Fire      ###.....     45%         4    #####..
 Fireball                 Conj/Fire      ###.......   82%         5    ######.


Dungeon Overview and Level Annotations

Branches:
Dungeon (6/15)
 Temple: D:4-7

Altars:
Fedhas
Yredelemnul

Annotations:
D:6 Prince Ribbit


Innate Abilities, Weirdness & Mutations

Your plain brown scales are hard. (AC +5)
You cannot fit into any form of body armour.
You are cold-blooded and may be slowed by cold attacks.


Message History

A scorpion comes into view.
There is a stone staircase leading up here.
You climb upwards.
Level annotation: Prince Ribbit Prince Ribbit barely misses you.
Prince Ribbit misses you.
There is a stone staircase leading down here.
Prince Ribbit blinks!
Prince Ribbit winks and puckers his lips.
Prince Ribbit blinks!
There is a stone staircase leading down here.
Prince Ribbit hits you but does no damage.
There is a stone staircase leading down here.
Prince Ribbit hits you!
* * * LOW HITPOINT WARNING * * *
You climb downwards.
There is a stone staircase leading up here.
Prince Ribbit hits you.
* * * LOW HITPOINT WARNING * * *
Prince Ribbit hits you!
You die...

##...##
#######.5...##
....%#((.....###
.....s..._.....#
...#.......#.##
##((...##..#
##(..####.#
##.##........
##..###### #...#
#...# #####


You could see Prince Ribbit.

Vanquished Creatures
  An orc wizard (D:6)
  4 adders
  An ooze (D:2)
  A worm (D:2)
  3 dart slugs
  2 leopard geckos
  3 orcs (D:6)
  3 giant cockroaches
  8 goblins
  6 hobgoblins
  3 kobolds
  A quokka (D:2)
  2 ball pythons (D:2)
  5 bats
  5 frilled lizards
  5 rats (D:2)
53 creatures vanquished.

Notes
Turn   | Place    | Note
-------+----------+-------------------------------------------
     0 | D:1      | Tiagovsky the Draconian Fire Elementalist began the quest
                  | for the Orb.
     0 | D:1      | Reached XP level 1. HP: 14/14 MP: 3/3
   326 | D:1      | Reached XP level 2. HP: 20/22 MP: 0/5
   803 | D:1      | Reached skill level 1 in Fighting
  1075 | D:2      | Reached XP level 3. HP: 28/28 MP: 2/6
  1526 | D:2      | Learned a level 2 spell: Throw Flame
  1530 | D:2      | Learned a level 3 spell: Conjure Flame
  2288 | D:3      | Reached XP level 4. HP: 36/36 MP: 3/7
  2508 | D:3      | Found a blossoming altar of Fedhas.
  3049 | D:3      | You fall through a shaft for 3 floors!
  3053 | D:5      | Entered Level 5 of the Dungeon
  3112 | D:5      | Noticed Prince Ribbit
  3466 | D:6      | Found a basalt altar of Yredelemnul.
  3508 | D:6      | Mangled by Prince Ribbit

Skill      XL: |  1  2  3  4 |
---------------+-------------+-----
Fighting       | 1 2 |  2.2
Conjurations   | 2 |  2.4
Dodging        | |  1.7
Stealth        | |  1.7
Spellcasting   | |  2.9
Fire Magic     | |  3.8

Action                   |  1- 3 |  4- 6 || total
-------------------------+-------+-------++-------
Melee: Hand axe          |     8 |    18 ||    26
       Tailslap          |     1 |     2 ||     3
Throw: Stone             |    45 |    17 ||    62
 Cast: Flame Tongue      |    67 |    30 ||    97
  Use: Scroll            |     6 |       ||     6
       Potion            |       |     1 ||     1
  Eat: Chunk             |     5 |     3 ||     8
Armor: Skin              |    15 |    15 ||    30
Dodge: Dodged            |    25 |    47 ||    72
